 Dungeon Crawl Stone Soup version 0.30.0-10-gfe55d96785 (webtiles) character file.

Game seed: 8459979453216413169

35 Esekla the Firebug (level 3, -1/19 HPs)
             Began as a Vine Stalker Cinder Acolyte on May 13, 2023.
             Was a High Priest of Ignis.
             Slain by a hobgoblin (3 damage)
             ... on level 2 of the Dungeon.
             The game lasted 00:08:43 (791 turns).

Esekla the Firebug (Vine Stalker Cinder Acolyte)     Turns: 791, Time: 00:08:44

Health: -1/19      AC:  2    Str: 16    XL:     3   Next: 35%
Magic:  0/5        EV:  8    Int: 16    God:    Ignis [*****.]
Gold:   91         SH:  0    Dex:  9    Spells: 2/4 levels left

rFire   + . .        a - -1 falchion (flame)
rCold   . . .        (no shield)
rNeg    . . .        b - +0 robe
rPois   .            (no helmet)
rElec   .            (no cloak)
rCorr   .            (no gloves)
SInv    .            (no boots)
Will    .....        (no amulet)
Stlth   +            (no ring)
HPRegen 0.23/turn    (no ring)
MPRegen 0.09/turn

%: guardian spirit
@: constricted
A: fangs 2, magic shield, antimagic bite, no potion heal 2
a: Renounce Religion, Fiery Armour, Foxfire Swarm, Rising Flame


You were on level 2 of the Dungeon.
You worshipped Ignis.
Ignis was extremely pleased with you.
You visited 1 branch of the dungeon, and saw 2 of its levels.

You collected 91 gold pieces.

Inventory:

Hand Weapons
 a - a -1 falchion of flaming (weapon)
 h - a +0 dagger
Missiles
 g - a poisoned dart (quivered)
 i - a throwing net
Armour
 b - a +0 robe (worn)
Scrolls
 c - a scroll of teleportation {unknown}
 d - 2 scrolls of poison {unknown}
 e - a scroll of butterflies {unknown}
Potions
 f - a potion of haste {unknown}


   Skills:
 + Level 2.9 Fighting
 + Level 3.2 Long Blades
 + Level 0.2 Throwing
 + Level 0.1 Stealth
 + Level 1.2 Spellcasting
 + Level 3.6 Fire Magic


You had 2 spell levels left.
You knew the following spells:

 Your Spells              Type           Power      Damage    Failure   Level
o - Scorch                Fire           24%        2d6       8%          2

Your spell library contained the following spells:

 Spells                   Type           Power      Damage    Failure   Level


Dungeon Overview and Level Annotations

Branches:
Dungeon (2/15)

Altars:


Innate Abilities, Weirdness & Mutations

You have extremely sharp teeth.
When hurt, damage is shared between your health and your magic reserves.
Your bite disrupts and absorbs the magic of your enemies.
Potions cannot restore your health.


Message History

You kill the endoplasm!
Found a morningstar.
A ball python comes into view.
The ball python moves out of view.
A rat comes into view.
The ball python attacks as you move away!
The ball python closely misses you. The ball python barely misses you.
Found a leather armour.
A hobgoblin comes into view.
You closely miss the ball python. Your bite misses the ball python.
The ball python bites you but does no damage.
The ball python grabs you. The ball python constricts you.
The ball python bites you. The ball python constricts you.
You barely miss the hobgoblin.
The ball python bites you but does no damage.
The ball python constricts you. The hobgoblin hits you.
You hit the hobgoblin. You burn the hobgoblin.
The hobgoblin is heavily wounded.
The ball python bites you but does no damage.
The ball python constricts you. The hobgoblin hits you.
The ball python barely misses you. The ball python constricts you.
You completely miss the hobgoblin.
The hobgoblin is heavily wounded.
The hobgoblin hits you.
The ball python bites you but does no damage.
The ball python constricts you.
You barely miss the hobgoblin.
You bite the hobgoblin, but do no damage.
The hobgoblin is heavily wounded.
The ball python bites you.
* * * LOW HITPOINT WARNING * * *
The ball python constricts you.
* * * LOW HITPOINT WARNING * * *
The hobgoblin closely misses you.
You barely miss the hobgoblin.
The hobgoblin is heavily wounded.
The ball python bites you.
* * * LOW HITPOINT WARNING * * *
The ball python constricts you. The hobgoblin hits you.
You die...

#....## ##.#.#
####
#.###.###..#.#
#......#...#.#
#..##.#.#.....
##.
#.#.#.######
.>.
#...........
#.##.
###...##.#.
#.#...###...#
......g@Sr..#
#[#...####..#
##. #........#
.. #.##.#...#
.. # #.#..)#
#. ......# #
#....... #.#
.##.# ... ..


You could see a hobgoblin, a ball python and a rat.

Vanquished Creatures
  2 dart slugs
  3 bats
  3 endoplasms
  5 goblins (D:1)
  3 hobgoblins (D:1)
  3 jackals (D:1)
  A quokka (D:1)
  A ball python (D:1)
  3 frilled lizards
  A kobold (D:1)
  3 rats (D:1)
28 creatures vanquished.

Notes
Turn   | Place    | Note
-------+----------+-------------------------------------------
     0 | D:1      | Esekla the Vine Stalker Cinder Acolyte began the quest for
                  | the Orb.
     0 | D:1      | Reached XP level 1. HP: 11/11 MP: 3/3
    23 | D:1      | Found a faded altar of an unknown god.
   174 | D:1      | Reached XP level 2. HP: 6/16 MP: 1/4
   232 | D:1      | Learned a level 2 spell: Scorch
   433 | D:1      | Reached XP level 3. HP: 14/19 MP: 5/5
   791 | D:2      | Slain by a hobgoblin

Illustrated notes

Levels and vault maps discovered:
D:1:      lemuel_arrival_rhombus, layout_basic, basic_ecumenical_altar,
          minivault_24
D:2:      layout_loops_ring, uniq_crazy_yiuf_cottage

Skill      XL: |  1  2 |
---------------+-------+-----
Long Blades    | 3 |  3.2
Fighting       | |  2.9
Throwing       | |  0.2
Stealth        | |  0.1
Spellcasting   | |  1.2
Fire Magic     | |  3.6

Action                     || total
---------------------------++-------
  Melee: Falchion          ||    81
         Bite              ||    13
         Punch             ||     1
  Throw: Dart              ||     3
 Armour: Robe              ||    19
  Dodge: Dodged            ||    47
